 Dungeon Crawl Stone Soup version 0.20.0-15-g7f486f2 (webtiles) character file.

157 Exporg the Cudgeler (level 5, -12/49 HPs)
             Began as a Gargoyle Berserker on June 13, 2017.
             Was a Believer of Trog.
             Killed by divine providence
             ... invoked by an orc priest
              (17 damage)
             ... on level 3 of the Dungeon.
             The game lasted 00:03:46 (2272 turns).

Exporg the Cudgeler (Gargoyle Berserker)            Turns: 2272, Time: 00:03:47

Health: -12/49     AC: 15    Str: 25    XL:     5   Next: 38%
Magic:  14/14      EV:  7    Int:  8    God:    Trog [**....]
Gold:   224        SH:  0    Dex: 10    Spells: 4/4 levels left

rFire    . . .     SeeInvis .   q - +0 flail
rCold    . . .     Gourm    .   (no shield)
rNeg     + . .     Faith    .   k - +0 plate armour
rPois    ∞         Spirit   .   l - +0 hat
rElec    +         Reflect  .   (no cloak)
rCorr    .         Harm     .   (no gloves)
MR       .....                  (no boots)
Stlth    ..........             (no amulet)
Regen    0.2/turn               m - ring of magical power
MPRegen  0.2/turn               (no ring)

@: berserking, very quick
A: negative energy resistance 1, electricity resistance, unbreathing,
petrification resistance, rot immunity, AC +4
a: Berserk, Trog's Hand, Burn Spellbooks, Renounce Religion


You were on level 3 of the Dungeon.
You worshipped Trog.
Trog was pleased with you.
You were very hungry.

You visited 1 branch of the dungeon, and saw 3 of its levels.

You collected 224 gold pieces.

Inventory:

Hand Weapons
 a - a +0 mace
 q - a +0 flail (weapon)
Missiles
 u - 19 bolts
Armour
 b - a +0 animal skin
 k - a +0 plate armour (worn)
 l - a +0 hat (worn)
Jewellery
 m - a ring of magical power (left hand)
Wands
 o - a wand of flame (25/48)
Scrolls
 d - 2 scrolls of teleportation {unknown}
 e - 2 scrolls of immolation {unknown}
 h - 5 scrolls of remove curse {unknown}
 p - 3 scrolls of identify {unknown}
 x - a scroll of recharging {unknown}
Potions
 f - 3 potions of degeneration {unknown}
 i - a potion of heal wounds {unknown}
 j - 2 potions of brilliance {unknown}
 n - a potion of ambrosia {unknown}
 t - a potion of curing {unknown}
 w - a potion of haste {unknown}
Comestibles
 c - 2 bread rations
 g - 4 fruits
 r - 2 royal jellies
 s - 3 chunks of flesh
 v - 2 meat rations


   Skills:
 + Level 4.2 Fighting
 + Level 4.8 Maces & Flails
 + Level 2.7 Armour
 + Level 1.9 Dodging
 + Level 0.5 Stealth


You had 4 spell levels left.
You didn't know any spells.

Dungeon Overview and Level Annotations

Branches:
Dungeon (3/15)

Altars:


Innate Abilities, Weirdness & Mutations

You are resistant to torment.
Your stone body is resilient. (AC +4)
You are immune to poison.
You resist negative energy. (rN+)
You are resistant to electric shocks. (rElec)
You can survive without breathing.
You are immune to petrification.
You are immune to rotting.


Message History

You feel less confused. Something hits you but does no damage.
The kobold hits you but does no damage.
The orc priest invokes the aid of Beogh against you.
Beogh smites you!
* * * LOW HITPOINT WARNING * * *
The kobold hits you but does no damage. Something hits you but does no damage.
A red film seems to cover your vision as you go berserk!
You feel yourself moving faster!
You feel mighty!
You are feeling very hungry.
The kobold hits you but does no damage. Something hits you but does no damage.
You closely miss something.
Your plate armour prevents you from hitting something.
You hear some strange, mumbled words.
A magic dart appears from out of thin air!
The magic dart hits you! The kobold barely misses you.
You closely miss something. Something hits you but does no damage.
The kobold hits you but does no damage.
The orc priest invokes the aid of Beogh against you.
Beogh smites you!
You die...

#.##
.........)............
....###.######.<......
#.....#### #........
###
####.....###########
..# ##.......# #.#
###.###.... #.# #.# ..
#.# .#######.####..
#.# ....>o{@K.......
#.### .########.####..
....#### .# #.#.....
.# .......# .#
######... K# ..


You could see an orc priest and a kobold.

Vanquished Creatures
  Terence (D:2)
  6 adders
  3 worms
  3 dart slugs
  2 leopard geckos
  An orc (D:3)
  6 bats
  4 giant cockroaches
  7 goblins
  4 hobgoblins
  A jackal (D:2)
  A quokka (D:3)
  2 ball pythons
  8 frilled lizards
  9 kobolds
  8 rats
66 creatures vanquished.

Notes
Turn   | Place    | Note
-------+----------+-------------------------------------------
     0 | D:1      | Exporg the Gargoyle Berserker began the quest for the Orb.
     0 | D:1      | Reached XP level 1. HP: 14/14 MP: 1/1
    87 | D:1      | Reached XP level 2. HP: 11/19 MP: 2/2
   706 | D:1      | Reached ** piety under Trog
   706 | D:1      | Reached XP level 3. HP: 24/24 MP: 3/3
  1303 | D:2      | Noticed Terence
  1319 | D:2      | Killed Terence
  1319 | D:2      | Reached XP level 4. HP: 18/29 MP: 4/4
  1689 | D:2      | Reached XP level 5. HP: 32/33 MP: 5/5
  2272 | D:3      | Killed from afar by an orc priest

Skill      XL: |  1  2  3 |
---------------+----------+-----
Fighting       | 4 |  4.2
Maces & Flails | 4 |  4.8
Armour         | |  2.7
Dodging        | |  1.9
Stealth        | |  0.5

Action                   |  1- 3 |  4- 6 || total
-------------------------+-------+-------++-------
Melee: Mace              |   126 |     4 ||   130
       Flail             |       |   159 ||   159
Invok: Berserk           |     2 |     1 ||     3
  Eat: Chunk             |     2 |     4 ||     6
Armor: Animal skin       |    21 |       ||    21
       Plate armour      |    75 |   140 ||   215
Dodge: Dodged            |    82 |    53 ||   135
